 Dungeon Crawl Stone Soup version 0.22-a0-303-g4a852b32ea (console) character file.

6489 creator the Gouger (level 10, -6/45 HPs)
             Began as a Felid Berserker on Mar 27, 2018.
             Was a High Priest of Trog.
             Killed from afar by an orc wizard (9 damage)
             ... with a magic dart
             ... on level 2 of the Orcish Mines.
             The game lasted 01:13:34 (9464 turns).

creator the Gouger (Felid Berserker)                Turns: 9464, Time: 01:13:34

Health: -6/45      AC:  2    Str: 16    XL:     10   Next: 68%
Magic:  11/11      EV: 27    Int:  9    God:    Trog [*****.]
Gold:   739        SH:  0    Dex: 16    Spells: 9/9 levels left
                                        Lives:  0   Deaths: 3

rFire    + . .     SeeInvis +     - Unarmed
rCold    . . .     Gourm    .   (shield unavailable)
rNeg     . . .     Faith    .   (armour unavailable)
rPois    +         Spirit   .   (helmet unavailable)
rElec    .         Reflect  .   (cloak unavailable)
rCorr    .         Harm     .   (gloves unavailable)
MR       +....                  (boots unavailable)
Stlth    +++++.....             s - amulet of regeneration
HPRegen  0.55/turn              f - ring of poison resistance
MPRegen  0.12/turn              r - ring of protection from fire

@: quick
A: very small, no armour, no weapons or thrown items, stealth, claws 1, fangs 3,
see invisible, carnivore, speed 1, shaggy fur 2, slow metabolism 1, sharp paws
a: Berserk, Trog's Hand, Brothers in Arms, Renounce Religion


You were on level 2 of the Orcish Mines.
You worshipped Trog.
Trog was extremely pleased with you.
You were completely stuffed.

You visited 3 branches of the dungeon, and saw 14 of its levels.

You collected 811 gold pieces.
You spent 72 gold pieces at shops.

Inventory:

Jewellery
 e - an uncursed amulet of magic regeneration
 f - a ring of poison resistance (left paw)
 h - an uncursed ring of wizardry
 i - an uncursed ring of protection from cold
 o - a +3 ring of protection
 r - a ring of protection from fire (right paw)
 s - an amulet of regeneration (around neck)
 v - an uncursed ring of teleportation
 z - an uncursed ring of flight
 B - an uncursed amulet of regeneration
 D - a +2 ring of intelligence
Wands
 p - a wand of flame (39)
 u - a wand of random effects (47)
 x - a wand of iceblast (8)
 C - a wand of acid (9)
Scrolls
 b - 3 scrolls of teleportation
 k - 3 scrolls of silence {unknown}
 l - a scroll of fog
 m - a scroll of immolation
 n - 3 scrolls of magic mapping
 q - 3 scrolls of remove curse
 y - 2 scrolls of blinking
 F - a scroll of holy word
 G - 2 scrolls of acquirement {unknown}
Potions
 c - 3 potions of lignification
 d - a potion of magic
 g - 2 potions of brilliance
 j - 3 potions of agility
 t - a potion of invisibility
 w - a potion of flight {unknown}
 A - a potion of mutation {unknown}
Comestibles
 a - 21 rations


   Skills:
 + Level 6.2 Fighting
 * Level 10.9 Dodging
 * Level 11.7 Stealth
 * Level 14.4 Unarmed Combat
 + Level 0.2 Evocations


You had 9 spell levels left.
You didn't know any spells.

Dungeon Overview and Level Annotations

Branches:
Dungeon (11/15)            Temple (1/1) D:4            Lair (0/6) D:11
    Orc (2/2) D:11
    Elf: Orc:2

Altars:
Ashenzari
Cheibriados
Dithmenos
Elyvilon
Fedhas
Gozag
Hepliaklqana
Kikubaaqudgha
Makhleb
Nemelex Xobeh
Okawaru
Qazlal
Ru
Sif Muna
Trog
Uskayaw
Vehumet
Wu Jian
Xom
Yredelemnul
Zin
The Shining One
Beogh

Shops:
D:5 }?(%   D:6 ::?*   D:11 [


Innate Abilities, Weirdness & Mutations

You cannot wear armour.
You are incapable of wielding weapons or throwing items.
Your paws allow you to move quietly. (Stealth)
You have sharp claws.
You have razor-sharp teeth.
You have supernaturally acute eyesight. (SInv)
You are carnivorous and can eat meat at any time.
You cover ground quickly.
You are covered in thick fur. (AC +2)
You have a slow metabolism.
Your sharp claws are effective at attacking unaware monsters.


Message History

You climb downwards.
An ogre comes into view. It is wielding a giant club.
The orc warlord unwields an uncursed enchanted dire flail.
The orc warlord wields an arbalest.
The orc warlord shoots a bolt.
The bolt hits you!! The orc misses you. The orc warrior misses you.
The orc warrior completely misses you. The orc warrior closely misses you.
The orc completely misses you.
You hear a shout!
An orc wizard comes into view. It is wielding a dagger.
The orc wizard shouts!
There is a stone staircase leading up here.
Things that are here:
a bolt; 4 tomahawks The orc warrior misses you.
The orc warrior completely misses you.
The orc warrior hits you with a trident!!
Ouch! That really hurt!
* * * LOW HITPOINT WARNING * * *
The orc warlord roars a battlecry!
The orcs go into a battle-frenzy!
The orc wizard gestures at you while chanting.
The magic dart hits you!
You die...

......h .... #.
................
...........o..o..
..........O#o....
...#...........#.
...........#....#
...#....#$.o.....
.......o...o.....
.......o@)...$...
.....(..oo......#
...............o#
............#....
....#........#$..
...............$.
......#..........
......#..........
.....#......#...


You could see an orc warlord, 4 orc warriors, an ogre, 2 orc wizards and 2 orcs.

Vanquished Creatures
  2 two-headed ogres (D:11)
  An orc sorcerer (Orc:1)
  A cyclops (D:11)
  The ghost of aredel the Skirmisher, a novice NaFi (D:4)
  Joseph (D:8)
  A gargoyle (D:11)
  4 trolls
  A hornet (D:11)
  Prince Ribbit (D:8)
  5 hippogriffs
  Sigmund (D:5)
  5 yaks (D:11)
  A human (D:8)
  4 hogs (D:8)
  3 steam dragons
  A hungry ghost (D:7)
  A warg (Orc:1)
  Menkaure (D:5)
  A water moccasin (D:10)
  A soldier ant (D:10)
  2 hornet zombies
  2 sky beasts
  6 orc warriors
  4 ice beasts
  A black bear (D:8)
  9 ogres
  3 phantoms
  6 centaurs
  2 wolves (D:11)
  3 bullfrogs
  A water moccasin skeleton (D:7)
  7 scorpions
  A wyvern skeleton (D:7)
  5 wights (D:9)
  4 electric eels (D:11)
  3 crimson imps
  A centaur zombie (D:5)
  3 jellies
  11 orc priests
  5 hounds
  3 bullfrog skeletons
  2 centaur skeletons
  16 orc wizards
  6 worker ants
  An iguana (D:5)
  2 hound zombies
  A hound skeleton (D:8)
  8 adders
  3 gnolls
  A howler monkey skeleton (D:7)
  4 shadow imps
  2 oozes
  2 adder skeletons
  An adder zombie (D:5)
  2 worms
  4 dart slugs
  9 leopard geckos
  53 orcs
  3 giant cockroaches
  7 goblins
  3 hobgoblins (D:1)
  11 jackals
  4 quokkas
  2 ball pythons
  A ball python skeleton (D:6)
  6 bats
  2 frilled lizards
  A jackal skeleton (D:7)
  5 kobolds
  8 rats
289 creatures vanquished.

Vanquished Creatures (collateral kills)
  Gastronok (D:11)
  Urug (Orc:1)
  A centaur (D:11)
  An orc wizard (Orc:1)
  An orc (Orc:1)
5 creatures vanquished.

Grand Total: 294 creatures vanquished

Notes
Turn   | Place    | Note
-------+----------+-------------------------------------------
     0 | D:1      | creator the Felid Berserker began the quest for the Orb.
     0 | D:1      | Reached XP level 1. HP: 10/10 MP: 2/2
   205 | D:1      | Reached XP level 2. HP: 9/14 MP: 3/3
   423 | D:1      | Reached skill level 1 in Stealth
   518 | D:1      | Reached XP level 3. HP: 11/17 MP: 4/4
   715 | D:1      | Reached ** piety under Trog
  1077 | D:2      | Found a hazy altar of Hepliaklqana.
  1081 | D:2      | Found a bloodstained altar of Trog.
  1082 | D:2      | Found a snail-covered altar of Cheibriados.
  1224 | D:2      | Reached skill level 4 in Unarmed Combat
  1395 | D:2      | Reached XP level 4. HP: 21/21 MP: 5/5
  1719 | D:2      | Found a blossoming altar of Fedhas.
  2288 | D:4      | Reached XP level 5. HP: 23/24 MP: 6/6
  2289 | D:4      | Reached skill level 5 in Unarmed Combat
  2331 | D:4      | Found a staircase to the Ecumenical Temple.
  2341 | Temple   | Entered the Ecumenical Temple
  2512 | D:4      | Found a blossoming altar of Fedhas.
  2619 | D:4      | Noticed aredel's ghost (novice NaFi)
  2641 | D:4      | Reached *** piety under Trog
  2662 | D:4      | Killed aredel's ghost
  2662 | D:4      | Reached skill level 5 in Dodging
  2662 | D:4      | Reached skill level 6 in Unarmed Combat
  2662 | D:4      | Gained mutation: You are covered in thick fur. (AC +2) [Felid growth]
  2662 | D:4      | Reached XP level 6. HP: 20/28 MP: 7/7
  2662 | D:4      | Reached XP level 7. HP: 22/31 MP: 8/8
  2802 | D:4      | Reached skill level 7 in Unarmed Combat
  3061 | D:5      | Entered Level 5 of the Dungeon
  3138 | D:5      | Noticed Menkaure
  3141 | D:5      | Found Looko's Weapon Shop.
  3149 | D:5      | Killed Menkaure
  3149 | D:5      | Reached skill level 5 in Stealth
  3155 | D:5      | Found Oloan's Food Shoppe.
  3192 | D:5      | Reached XP level 8. HP: 34/34 MP: 9/9
  3195 | D:5      | Reached skill level 8 in Unarmed Combat
  3198 | D:5      | Noticed Sigmund
  3207 | D:5      | Killed Sigmund
  3251 | D:5      | Found Siloxtop's Gadget Shoppe.
  3324 | D:5      | Found Onnysuhuy's Magic Scroll Emporium.
  3337 | D:5      | Bought a scroll of remove curse for 36 gold pieces
  3337 | D:5      | Bought a scroll of remove curse for 36 gold pieces
  3510 | D:6      | Found Meefed's Magic Scroll Emporium.
  3510 | D:6      | Found Opnuic's General Store.
  3510 | D:6      | Found Aroujod's Book Emporium.
  3546 | D:6      | Found Toiniste's Book Emporium.
  3615 | D:6      | HP: 2/51 [ogre/giant club (15)]
  3617 | D:6      | Reached skill level 9 in Unarmed Combat
  3864 | D:6      | HP: 2/51 [orc wizard/magic dart (7)]
  3866 | D:6      | Killed from afar by an orc wizard
  3867 | D:6      | Reached XP level 7. HP: -6/46 MP: 8/8
  3878 | D:6      | Reached XP level 8. HP: 34/34 MP: 9/9
  3963 | D:6      | Reached **** piety under Trog
  4152 | D:7      | Reached skill level 10 in Unarmed Combat
  4986 | D:8      | Noticed a hippogriff
  4987 | D:8      | Noticed a hippogriff
  5005 | D:8      | Killed a hippogriff
  5008 | D:8      | Killed a hippogriff
  5008 | D:8      | Reached skill level 11 in Unarmed Combat
  5008 | D:8      | Reached XP level 9. HP: 39/39 MP: 10/10
  5052 | D:8      | Noticed Prince Ribbit
  5057 | D:8      | Killed Prince Ribbit
  5083 | D:8      | Noticed Joseph
  5115 | D:8      | Killed Joseph
  5399 | D:8      | Slain by an orc warrior
  5400 | D:8      | Reached XP level 8. HP: -4/36 MP: 9/9
  5469 | D:8      | Reached skill level 5 in Fighting
  5469 | D:8      | Reached XP level 9. HP: 40/40 MP: 10/10
  5484 | D:8      | Reached skill level 12 in Unarmed Combat
  5542 | D:8      | Reached ***** piety under Trog
  6459 | D:9      | Reached XP level 10. HP: 41/45 MP: 11/11
  6666 | D:10     | Entered Level 10 of the Dungeon
  7650 | D:11     | Noticed a cyclops
  7653 | D:11     | Killed a cyclops
  7653 | D:11     | Reached skill level 10 in Stealth
  7686 | D:11     | Noticed a gargoyle
  7693 | D:11     | Killed a gargoyle
  7693 | D:11     | Reached skill level 13 in Unarmed Combat
  7697 | D:11     | Noticed a two-headed ogre
  7698 | D:11     | Found Bocaumpo's Armour Boutique.
  7762 | D:11     | HP: 1/45 [centaur/arrow (11)]
  7769 | D:11     | Reached skill level 10 in Dodging
  7840 | D:11     | Killed a two-headed ogre
  7922 | D:11     | Noticed a two-headed ogre
  7933 | D:11     | Killed a two-headed ogre
  7979 | D:11     | Noticed Gastronok
  8003 | D:11     | Reached XP level 11. HP: 48/48 MP: 12/12
  8012 | D:11     | Killed Gastronok
  8269 | D:11     | Found a staircase to the Lair.
  8307 | D:11     | Reached skill level 14 in Unarmed Combat
  8411 | D:11     | Found a staircase to the Orcish Mines.
  8532 | Orc:1    | Entered Level 1 of the Orcish Mines
  8535 | Orc:1    | Noticed Urug
  8536 | Orc:1    | Found a roughly hewn altar of Beogh.
  8549 | Orc:1    | Killed Urug
  8688 | Orc:1    | HP: 1/48 [troll (14)]
  8966 | Orc:1    | Noticed an orc sorcerer
  8971 | Orc:1    | Noticed a soul eater
  8985 | Orc:1    | Killed from afar by a soul eater
  8986 | Orc:1    | Reached XP level 10. HP: 0/45 MP: 11/11
  9007 | Orc:1    | Noticed an ettin
  9087 | Orc:1    | Killed an orc sorcerer
  9231 | Orc:2    | Entered Level 2 of the Orcish Mines
  9243 | Orc:1    | HP: 2/45 [orc warrior/scimitar (22)]
  9418 | Orc:2    | Noticed an orc warlord
  9464 | Orc:2    | Killed from afar by an orc wizard

Vault maps used:
D:1:      dpeg_arrival_rooms_c, minmay_nonomino_d4
D:2:      grunt_temple_overflow_open, fedhas_altar_4
D:4:      kennysheep_mini_moat, minmay_temple_entry_hall, first_ration,
          minmay_misc_feat_encased, kennysheep_generic_room_14
D:5:      serial_shops, shop, nicolae_shop_window_shopping,
          nicolae_shop_competitors_out_of_business, shop, uniq_sigmund,
          uniq_menkaure
D:6:      minmay_shop_grid_forest
D:8:      kennysheep_steamy, grunt_livestock, uniq_prince_ribbit1, uniq_joseph
D:11:     erik_lair_island, orc_0_dummy, corexii_corridor_pit,
          grunt_ministairs_2, kennysheep_windowed_goal, uniq_gastronok
Temple:   compressed_dpeg_circular_temple
Orc:1:    basic_altar, uniq_erica, uniq_erolcha, uniq_urug
Orc:2:    grunt_orc_gardens, grunt_orc_garden, grunt_orc_garden,
          grunt_orc_garden, grunt_orc_garden, nicolae_orc_pool_cavern,
          elves_outpost_lemuel

Skill      XL: |  1  2  3  4  5  6  7  8  9 10 11 |
---------------+----------------------------------+-----
Stealth        | 1 2 4 5 8 9 10 11 | 11.7
Unarmed Combat | 4 6 7 11 12 13 14 | 14.4
Dodging        | 5 6 8 9 10 | 10.9
Fighting       | 5 6 |  6.2
Evocations     | |  0.2

Action                   |  1- 3 |  4- 6 |  7- 9 | 10-12 || total
-------------------------+-------+-------+-------+-------++-------
Melee: Unarmed           |    88 |    78 |   483 |   250 ||   899
       Bite              |     8 |     8 |    56 |    32 ||   104
       Punch             |     2 |     3 |    21 |     7 ||    33
Invok: Berserk           |     3 |     2 |    11 |    12 ||    28
       Trog's Hand       |       |     1 |     5 |     8 ||    14
       Brothers in Arms  |       |       |       |     3 ||     3
Evoke: Wand              |       |       |     1 |     2 ||     3
  Use: Scroll            |    10 |     3 |     9 |     3 ||    25
       Potion            |       |     1 |     1 |     4 ||     6
 Stab: Sleeping          |     7 |     3 |    16 |    14 ||    40
       Distracted        |       |       |     1 |       ||     1
  Eat: Chunk             |    11 |     3 |    32 |    23 ||    69
       Ration            |       |       |       |     1 ||     1
Armor: Skin              |     3 |    12 |    39 |    13 ||    67
Dodge: Dodged            |    62 |    68 |   374 |   283 ||   787

Table legend:
 A = Spawn XP
 B = Non-spawn XP
 C = Spawn XP percentage of total XP
 D = Spawn monster count
 E = Non-spawn monster count
 F = Spawn count percentage of total count
 G = Total turns spent on level
                    A         B        C        D         E        F      G
               +---------+---------+-------+---------+---------+-------+---------
         Total |       0 |   20838 |   0.0 |       0 |     294 |   0.0 |  9464
               +---------+---------+-------+---------+---------+-------+---------
           D:1 |       0 |      50 |   0.0 |       0 |      24 |   0.0 |   936
           D:2 |       0 |      52 |   0.0 |       0 |      13 |   0.0 |   823
           D:3 |       0 |      44 |   0.0 |       0 |      17 |   0.0 |   422
           D:4 |       0 |     857 |   0.0 |       0 |      14 |   0.0 |   746
           D:5 |       0 |     896 |   0.0 |       0 |      16 |   0.0 |   449
           D:6 |       0 |    1017 |   0.0 |       0 |      28 |   0.0 |   606
           D:7 |       0 |     693 |   0.0 |       0 |      17 |   0.0 |   820
           D:8 |       0 |    4774 |   0.0 |       0 |      48 |   0.0 |  1193
           D:9 |       0 |    1114 |   0.0 |       0 |      28 |   0.0 |   537
          D:10 |       0 |    1627 |   0.0 |       0 |      22 |   0.0 |   984
          D:11 |       0 |    7246 |   0.0 |       0 |      41 |   0.0 |   882
         Orc:1 |       0 |    2462 |   0.0 |       0 |      24 |   0.0 |   906
         Orc:2 |       0 |       6 |   0.0 |       0 |       2 |   0.0 |    26
               +---------+---------+-------+---------+---------+-------+---------
